 Dungeon Crawl Stone Soup version 0.28.0 (webtiles) character file.

Game seed: 9931956906772403625

1 Akaron the Firebug (level 1, 0/11 HPs)
             Began as an Octopode Fire Elementalist on Feb 6, 2022.
             Slain by a kobold (3 damage)
             ... on level 1 of the Dungeon.
             The game lasted 00:00:16 (199 turns).

Akaron the Firebug (Octopode Fire Elementalist)      Turns: 199, Time: 00:00:16

Health: 0/11       AC:  1    Str:  7    XL:     1   Next: 20%
Magic:  0/3        EV: 13    Int: 17    God:
Gold:   0          SH:  0    Dex: 12    Spells: 3/4 levels left

rFire   . . .      SeeInvis .   (no weapon)
rCold   . . .      Faith    .   (no shield)
rNeg    . . .      Spirit   .   (helmet restricted)
rPois   .          Reflect  .   (no amulet)
rElec   .          Harm     .   (no ring)
rCorr   .          Rampage  .   (no ring)
Will    .....                   (no ring)
Stlth   +++.......              (no ring)
HPRegen 0.03/turn               (no ring)
MPRegen 0.08/turn               (no ring)
                                (no ring)
                                (no ring)

@: very slightly contaminated
A: almost no armour, amphibious, 8 rings, camouflage 1, gelatinous body 1,
(nimble swimmer 1), tentacles
a: no special abilities


You were on level 1 of the Dungeon.
You visited 1 branch of the dungeon, and saw 1 of its levels.

You aren't carrying anything.


   Skills:
 + Level 2.1 Dodging
 + Level 2.6 Stealth
 + Level 2.0 Spellcasting
 + Level 1.0 Conjurations
 + Level 3.0 Fire Magic


You had 3 spell levels left.
You knew the following spells:

 Your Spells              Type           Power      Damage    Failure   Level
a - Foxfire               Conj/Fire      32%        2x1d5     9%          1

Your spell library contained the following spells:

 Spells                   Type           Power      Damage    Failure   Level
 Scorch                   Fire           22%        2d6       9%          2
 Conjure Flame            Conj/Fire      8%         6-21      26%         3
 Inner Flame              Hex/Fire       6%         N/A       30%         3
 Flame Wave               Conj/Fire      8%         2d5       63%         4


Dungeon Overview and Level Annotations

Branches:
Dungeon (1/15)

Altars:


Innate Abilities, Weirdness & Mutations

You cannot wear most types of armour.
You are amphibious.
You can wear up to eight rings at the same time.
Your skin changes colour to match your surroundings (Stealth+).
Your rubbery body absorbs attacks. (AC +1, EV +1)
((You are camouflaged when in or above water. (Stealth+)))
You have tentacles for arms and can constrict up to eight enemies at once.


Message History

The foxfire hits the endoplasm.
The endoplasm is lightly wounded.
You conjure some foxfire!
The endoplasm freezes you.
You are frozen.
The foxfire hits the endoplasm.
The endoplasm is moderately wounded.
The endoplasm freezes you.
You are frozen.
The foxfire hits the endoplasm.
The endoplasm is heavily wounded.
The endoplasm closely misses you. The endoplasm barely misses you.
You conjure some foxfire!
The foxfire hits the endoplasm.
You kill the endoplasm!
Your foxfire dissipates!
Magic restored.
HP restored.
A kobold comes into view. It is wielding a +0 short sword.
Found a stone staircase leading down.
You miscast Foxfire.
You are very lightly contaminated with residual magic.
Nothing appears to happen.
You conjure some foxfire!
The kobold hits you with a +0 short sword.
The foxfire hits the kobold.
The kobold is moderately wounded.
The foxfire hits the kobold but does no damage.
The kobold is moderately wounded.
The kobold hits you with a +0 short sword.
* * * LOW HITPOINT WARNING * * *
An endoplasm comes into view.
The kobold barely misses you.
You are too injured to fight recklessly!
Casting: Foxfire (safe; 9% risk of failure)
Confirm with . or Enter, or press ? or * to list all spells.
You conjure some foxfire!
The kobold hits you with a +0 short sword.
You die...

########### ..........#
..........#
.J........###
............ ..........#
#
......v...##############
...>...@K...............
........v.##############
..........# #
..........# #
###.####### # #. # # # #


You could see an endoplasm (asleep) and a kobold (ally target).

Vanquished Creatures
  An endoplasm (D:1)
1 creature vanquished.

Vanquished Creatures (others)
  7 foxfires (D:1)
7 creatures vanquished.

Grand Total: 8 creatures vanquished

Notes
Turn   | Place    | Note
-------+----------+-------------------------------------------
     0 | D:1      | Akaron the Octopode Fire Elementalist began the quest for
                  | the Orb.
     0 | D:1      | Reached XP level 1. HP: 11/11 MP: 3/3
   199 | D:1      | Slain by a kobold

Illustrated notes

Levels and vault maps discovered:
D:1:      dpeg_arrival_arbitrary_b, layout_basic, basic_ecumenical_altar,
          minmay_shallow_snake_nest

Action                   || total
-------------------------++-------
 Cast: Foxfire           ||     5
Dodge: Dodged            ||     3
